 Dungeon Crawl Stone Soup version 0.29.1-13-g9f3cf754e1 (webtiles) character file.

Game seed: 11785957020083966857

57 growler the Trooper (level 3, -3/30 HPs)
             Began as a Demonspawn Wanderer on Feb 8, 2023.
             Slain by a gnoll
             ... wielding a +0 club
              (6 damage)
             ... on level 2 of the Dungeon.
             The game lasted 00:02:32 (1592 turns).

growler the Trooper (Demonspawn Wanderer)           Turns: 1592, Time: 00:02:33

Health: -3/30      AC:  4    Str: 15    XL:     3   Next: 73%
Magic:  4/4        EV: 13    Int: 11    God:
Gold:   56         SH:  0    Dex: 13    Spells: 3/4 levels left

rFire   . . .      SeeInvis .   a - +0 quarterstaff
rCold   . . .      Faith    .   (shield currently unavailable)
rNeg    . . .      Spirit   .   d - +0 leather armour
rPois   .          Reflect  .   (no helmet)
rElec   .          Harm     .   b - +0 cloak
rCorr   .          Rampage  .   (no gloves)
Will    .....                   (no boots)
Stlth   +.........              (no amulet)
HPRegen 0.10/turn               (no ring)
MPRegen 0.09/turn               (no ring)

@: no status effects
A: repulsion field 1
a: no special abilities


You were on level 2 of the Dungeon.
You visited 1 branch of the dungeon, and saw 2 of its levels.

You collected 56 gold pieces.

Inventory:

Hand Weapons
 a - a +0 quarterstaff (weapon)
 i - a +2 spear of flaming
Armour
 b - a +0 cloak (worn)
 d - a +0 leather armour (worn)
Scrolls
 e - 2 scrolls of vulnerability {unknown}
 f - a scroll of blinking {unknown}
 h - a scroll of brand weapon {unknown}
Potions
 c - a potion of curing
 g - a potion of attraction {unknown}


   Skills:
 + Level 3.7 Fighting
 - Level 1.0 Staves
 - Level 1.7 Armour
 - Level 1.0 Stealth
 - Level 1.0 Spellcasting
 - Level 3.6 Translocations


You had 3 spell levels left.
You knew the following spells:

 Your Spells              Type           Power      Damage    Failure   Level
a - Apportation           Tloc           16%        N/A       9%          1

Your spell library contained the following spells:

 Spells                   Type           Power      Damage    Failure   Level
 Blink                    Tloc           16%        N/A       14%         2
 Teleport Other           Tloc           8%         N/A       26%         3


Dungeon Overview and Level Annotations

Branches:
Dungeon (2/15)

Altars:

Shops:
D:1 *


Innate Abilities, Weirdness & Mutations

You are surrounded by a mild repulsion field. (EV +2)


Message History

A frilled lizard comes into view.
The frilled lizard hisses angrily.
The frilled lizard bites you but does no damage.
You see here 16 gold pieces.
You closely miss the frilled lizard. The frilled lizard closely misses you.
The frilled lizard misses you.
You miss the frilled lizard. The frilled lizard misses you.
You sock the frilled lizard!
You kill the frilled lizard!
No target in view!
You now have 56 gold pieces (gained 16).
A gnoll is nearby!
The gnoll shouts! x2
The gnoll misses you. The gnoll closely misses you.
The gnoll shouts!
You hit the gnoll.
The gnoll is lightly wounded.
The gnoll hits you with a +0 halberd!
You hit the gnoll but do no damage.
The gnoll is lightly wounded.
The gnoll closely misses you. The gnoll misses you.
You sock the gnoll!
The gnoll is almost dead.
The gnoll hits you with a +0 halberd.
You hit the gnoll but do no damage.
The gnoll is almost dead.
The gnoll hits you with a +0 halberd!
* * * LOW HITPOINT WARNING * * *
You sock the gnoll!
You kill the gnoll!
You sock the gnoll!
The gnoll is severely wounded.
The gnoll hits you with a +0 club.
* * * LOW HITPOINT WARNING * * *
The gnoll hits you but does no damage.
You sock the gnoll!
You kill the gnoll!
You closely miss the gnoll. The gnoll hits you with a +0 club.
You die...

#.#.#.#......# #
#[#.#........#.#
#.#.#..#.....#.###
#.#.#>..g.........
#.#...##.....#
#.#...##.....#
#.#...##.....#
#.#...##..#..#
#.....@g..#..#
###.#######..# #.#
...# #.# ##.# #.#
.# #.# .# #.# #.#
#..


You could see a gnoll.

Vanquished Creatures
  3 gnolls
  A dart slug (D:1)
  3 ball pythons (D:1)
  2 bats (D:1)
  2 endoplasms (D:1)
  A goblin (D:1)
  4 hobgoblins (D:1)
  3 quokkas (D:1)
  3 frilled lizards
  2 kobolds (D:1)
  2 rats (D:1)
26 creatures vanquished.

Notes
Turn   | Place    | Note
-------+----------+-------------------------------------------
     0 | D:1      | growler the Demonspawn Wanderer began the quest for the
                  | Orb.
     0 | D:1      | growler set off with the following items: a +0
                  | quarterstaff, a +0 cloak, a potion of curing, a +0 leather
                  | armour; and the following spell memorised: Apportation; and
                  | the following spells available to memorise: Blink, Teleport
                  | Other.
     0 | D:1      | Reached XP level 1. HP: 15/15 MP: 2/2
   452 | D:1      | Gained mutation: You are surrounded by a mild repulsion
                  | field. (EV +2) [demonic ancestry]
   452 | D:1      | Reached XP level 2. HP: 22/22 MP: 3/3
   520 | D:1      | Found a faded altar of an unknown god.
  1168 | D:1      | Found Wirhetyf's General Store.
  1498 | D:1      | Reached XP level 3. HP: 25/29 MP: 4/4
  1592 | D:2      | Slain by a gnoll

Illustrated notes

Levels and vault maps discovered:
D:1:      dpeg_arrival_yet_another_circle, layout_loops_ring,
          dreamdust_ecumenical_altar_grove, serial_shops, nicolae_shop_trees,
          supply_closet_lemuel
D:2:      layout_basic

Skill      XL: |  1  2 |
---------------+-------+-----
Fighting       | 2 3 |  3.7
Staves         | |  1.0
Armour         | |  1.7
Stealth        | |  1.0
Spellcasting   | |  1.0
Translocations | |  3.6

Action                   || total
-------------------------++-------
Melee: Quarterstaff      ||    97
 Stab: Sleeping          ||     1
Armor: Leather armour    ||    29
Dodge: Dodged            ||    75
